 Dungeon Crawl Stone Soup version 0.29.1-2-gbd0b4ee654 (webtiles) character file.

Game seed: 11213862164496162057

7143 Goreval the Basher (level 10, -4/102 HPs)
             Began as a Troll Berserker on Nov 14, 2022.
             Was an Elder of Trog.
             Slain by a sixfirhy (9 damage)
             ... summoned by a kobold demonologist
             ... on level 10 of the Dungeon.
             The game lasted 00:29:15 (8307 turns).

Goreval the Basher (Troll Berserker)                Turns: 8307, Time: 00:29:16

Health: -4/102     AC:  6    Str: 35    XL:     10   Next: 85%
Magic:  18/18      EV: 11    Int:  3    God:    Trog [****..]
Gold:   512        SH:  0    Dex:  9    Spells: 9/9 levels left

rFire   . . .      SeeInvis +   b - +4 mace
rCold   . . .      Faith    .   (no shield)
rNeg    . . .      Spirit   .   l - +1 robe "Liclierr" {Str+4 SInv}
rPois   .          Reflect  .   (helmet restricted)
rElec   .          Harm     .   w - +0 cloak
rCorr   .          Rampage  .   (gloves unavailable)
Will    .....                   (boots unavailable)
Stlth   +.........              (no amulet)
HPRegen 1.07/turn               o - ring of magical power
MPRegen 0.16/turn               u - ring of flight

@: on berserk cooldown, flying, slowed, very slow
A: large, unfitting armour, claws 3, regeneration 1, shaggy fur 1, tough skin 1
a: Renounce Religion, Berserk, Trog's Hand, Brothers in Arms


You were on level 10 of the Dungeon.
You worshipped Trog.
Trog was greatly pleased with you.
You visited 1 branch of the dungeon, and saw 10 of its levels.

You collected 512 gold pieces.

Inventory:

Hand Weapons
 a - a +0 giant spiked club
 b - a +4 mace (weapon)
 E - a +2 quarterstaff of chaos
Missiles
 H - a throwing net (quivered)
Armour
 l - the +1 robe "Liclierr" (worn) {Str+4 SInv}
   (You took it off an orc on level 3 of the Dungeon)

   Str:       It affects your strength (+4).
   SInv:      It lets you see invisible.
 w - a +0 cloak (worn)
 I - +0 acid dragon scales
Jewellery
 g - an amulet of faith
 o - a ring of magical power (left claw)
 u - a ring of flight (right claw)
Wands
 j - a wand of roots (18)
 m - a wand of paralysis (3)
 v - a wand of acid (10)
 z - a wand of mindburst (25)
 B - a wand of polymorph (21)
Scrolls
 d - a scroll of amnesia {unknown}
 e - 4 scrolls of teleportation
 f - 2 scrolls of fear {unknown}
 i - 2 scrolls of magic mapping {unknown}
 k - 3 scrolls of enchant armour {unknown}
 n - 3 scrolls of enchant weapon {unknown}
 r - 4 scrolls of butterflies {unknown}
 t - a scroll of brand weapon {unknown}
 x - a scroll of silence {unknown}
 y - a scroll of torment {unknown}
 A - 2 scrolls of immolation {unknown}
 D - a scroll of vulnerability {unknown}
 J - 2 scrolls of identify
Potions
 c - a potion of invisibility
 h - 10 potions of curing
 p - 2 potions of heal wounds
 q - a potion of cancellation
 s - 3 potions of ambrosia
 C - 3 potions of attraction
 F - 2 potions of lignification
 G - a potion of mutation


   Skills:
 + Level 7.5 Fighting
 * Level 11.3 Maces & Flails
 + Level 7.5 Dodging


You had 9 spell levels left.
You didn't know any spells.
Your spell library was empty.

Dungeon Overview and Level Annotations

Branches:
Dungeon (10/15)            Temple (0/1) D:4            Lair (0/5) D:9
    Orc (0/2) D:10

Altars:
Ashenzari
Gozag
Kikubaaqudgha
Makhleb
Qazlal
Ru
Sif Muna
Trog
Uskayaw
Vehumet
Wu Jian
Yredelemnul
The Shining One

Shops:
D:6 (   D:9 [


Innate Abilities, Weirdness & Mutations

You are too large for most types of armour.
You have claws for hands.
Your natural rate of healing is unusually fast.
You are covered in fur. (AC +1)
You have tough skin. (AC +1)


Message History

The sixfirhy closely misses you. The sixfirhy barely misses you. x3
You closely miss the sixfirhy.
The hellwing gives a chilling moan.
The sixfirhy hits you. The sixfirhy shocks you! The sixfirhy hits you!
The sixfirhy shocks you! The sixfirhy closely misses you.
The kobold demonologist gestures wildly while chanting. x2
You sock the sixfirhy!
The crimson imp disappears in a puff of smoke!
You miss the sixfirhy.
The kobold demonologist casts a spell.
You hear a shout!
The kobold demonologist gestures wildly while chanting.
You closely miss the sixfirhy.
The sixfirhy hits you but does no damage.
The sixfirhy hits you. The sixfirhy shocks you!
The sixfirhy hits you but does no damage.
The kobold demonologist looks braver for a moment.
The kobold demonologist mumbles some strange words.
The sixfirhy completely misses you.
You thump the sixfirhy! The sixfirhy hits you. The sixfirhy shocks you!
The sixfirhy hits you!
* * * LOW HITPOINT WARNING * * *
The sixfirhy shocks you!
* * * LOW HITPOINT WARNING * * *
The sixfirhy barely misses you.
A red film seems to cover your vision as you go berserk!
You feel yourself moving faster!
You feel mighty! The smoke demon gestures at you. Something smites you!
* * * LOW HITPOINT WARNING * * *
A kobold comes into view. It is wielding a +0 short sword.
You feel a strong urge to attack something.
You feel your anger nearly subside.
You are no longer berserk.
You are exhausted.
You feel yourself slow down. The sixfirhy hits you.
* * * LOW HITPOINT WARNING * * *
The sixfirhy shocks you!
You die...

#..............................
#.................##############
#..................)).>.........
#.########......##'#############
#.# .............))......> #
......~≈~.............
.......~≈~≈............
###.#.~~~~~...#########
#...≈~..@3.......#########
##..~≈~.~~..###..#).......
##.~~..~~~.# #..'........
#.~~...~~.###K.#........
##.~..∩.~~...33K########'
#..~....~~.####K43K......
#..~~...~~....#.3.K....##
#..~≈.∩..~.#..#..#..#..##
##...~...~≈....#..........


You could see a sixfirhy (summoned).

Vanquished Creatures
  2 two-headed ogres
  Prince Ribbit (D:5)
  Grinder (D:3)
  A shadow (D:9)
  A centaur simulacrum (D:10)
  A wyvern (D:9)
  Eustachio (D:6)
  4 yaks (D:9)
  2 steam dragons
  A vampire mosquito (D:10)
  Menkaure (D:6)
  An acid dragon (D:9)
  A water moccasin (D:6)
  Duvessa (D:6)
  An ice beast (D:10)
  A swamp drake (D:10)
  A black bear (D:5)
  An ogre (D:6)
  An orc warrior (D:9)
  The ghost of rlgrobin the Covered, an amateur MiFi of Zin (D:4)
  A wolf (D:10)
  A phantom (D:5)
  A kobold brigand (D:7)
  A wyvern zombie (D:4)
  6 bullfrogs
  A necrophage (D:5)
  2 scorpions
  3 wights (D:7)
  Dowan (D:6)
  17 killer bees
  3 howler monkeys
  2 hounds (D:5)
  A bullfrog skeleton (D:4)
  6 orc priests
  2 bullfrog zombies (D:5)
  A gnoll bouda (D:7)
  A jelly (D:7)
  Crazy Yiuf (D:3)
  A scorpion zombie (D:5)
  Natasha (thrice) (D:3)
  7 orc wizards
  4 iguanas
  A howler monkey zombie (D:5)
  13 gnolls
  4 adders
  3 shadow imps
  A howler monkey simulacrum (D:10)
  3 white imps
  An ufetubus (D:6)
  An adder zombie (D:5)
  2 worms
  31 orcs
  8 ball pythons
  6 endoplasms
  2 giant cockroaches (D:1)
  2 goblins
  3 hobgoblins
  6 jackals (D:1)
  2 quokkas
  16 bats
  A frilled lizard (D:2)
  10 kobolds
  5 rats
212 creatures vanquished.

Vanquished Creatures (others)
  2 orcs
  5 plants
7 creatures vanquished.

Grand Total: 219 creatures vanquished

Notes
Turn   | Place    | Note
-------+----------+-------------------------------------------
     0 | D:1      | Goreval the Troll Berserker began the quest for the Orb.
     0 | D:1      | Reached XP level 1. HP: 22/22 MP: 0/0
     0 | D:1      | Noticed a formicid
     4 | D:1      | Noticed an octopode
     6 | D:1      | Noticed an elf
     8 | D:1      | Noticed a vine stalker
    14 | D:1      | Noticed a merfolk
    16 | D:1      | Noticed a formicid
    18 | D:1      | Noticed an ogre
    18 | D:1      | Noticed a barachi
    20 | D:1      | Noticed a draconian
    20 | D:1      | Noticed a spriggan
    22 | D:1      | Noticed a demonspawn
   153 | D:1      | Reached skill level 3 in Maces & Flails
   180 | D:1      | Reached XP level 2. HP: 29/29 MP: 1/1
  1240 | D:2      | Reached XP level 3. HP: 36/36 MP: 2/2
  1419 | D:2      | Found a faded altar of an unknown god.
  1627 | D:2      | Reached ** piety under Trog
  1730 | D:2      | Found a broken altar of Ashenzari.
  1749 | D:2      | Reached XP level 4. HP: 40/44 MP: 3/3
  1973 | D:3      | Noticed Grinder
  1993 | D:3      | Killed Grinder
  1994 | D:3      | Reached skill level 4 in Maces & Flails
  1994 | D:3      | Reached XP level 5. HP: 19/53 MP: 4/4
  1994 | D:3      | Reached XP level 6. HP: 22/61 MP: 5/5
  2300 | D:3      | Reached skill level 5 in Maces & Flails
  2374 | D:3      | Noticed Natasha
  2392 | D:3      | Killed Natasha
  2413 | D:3      | Identified the +1 robe "Liclierr" {Str+4 SInv}
  2528 | D:3      | Noticed Natasha
  2535 | D:3      | Killed Natasha
  2720 | D:3      | Noticed Natasha
  2726 | D:3      | Killed Natasha
  3099 | D:3      | Found a runed translucent door.
  3100 | D:3      | Noticed Crazy Yiuf
  3107 | D:3      | Killed Crazy Yiuf
  3209 | D:4      | Reached XP level 7. HP: 61/68 MP: 6/6
  3433 | D:4      | Found a staircase to the Ecumenical Temple.
  3522 | D:4      | Found a bloodstained altar of Trog.
  3566 | D:4      | Found a runed translucent gate.
  3570 | D:4      | Found a runed translucent gate.
  3570 | D:4      | Found a runed translucent gate.
  3571 | D:4      | Noticed rlgrobin's ghost (amateur MiFi)
  3587 | D:4      | Killed rlgrobin's ghost
  3805 | D:5      | Entered Level 5 of the Dungeon
  3872 | D:5      | Reached skill level 6 in Maces & Flails
  3954 | D:5      | Reached *** piety under Trog
  3964 | D:5      | Found a basalt altar of Yredelemnul.
  3976 | D:5      | Reached XP level 8. HP: 79/79 MP: 7/7
  4104 | D:5      | Found a glowing golden altar of the Shining One.
  4331 | D:5      | Found a hide-covered altar of Uskayaw.
  4349 | D:5      | Reached skill level 7 in Maces & Flails
  4404 | D:5      | Found an ornate altar of the Wu Jian Council.
  4518 | D:5      | Noticed Prince Ribbit
  4537 | D:5      | Killed Prince Ribbit
  4538 | D:5      | Reached skill level 5 in Fighting
  4538 | D:5      | Reached skill level 5 in Dodging
  4907 | D:6      | Noticed Eustachio
  4932 | D:6      | Found a stormy altar of Qazlal.
  5016 | D:6      | Noticed Menkaure
  5023 | D:6      | Killed Menkaure
  5090 | D:6      | Reached skill level 8 in Maces & Flails
  5179 | D:6      | Noticed Dowan
  5186 | D:6      | Noticed Duvessa
  5188 | D:6      | Killed Dowan
  5196 | D:6      | Killed Duvessa
  5197 | D:6      | Reached XP level 9. HP: 82/88 MP: 8/8
  5418 | D:6      | Killed Eustachio
  5586 | D:6      | Found Iphog's Weapon Emporium.
  5813 | D:7      | Reached **** piety under Trog
  5931 | D:7      | Found a sacrificial altar of Ru.
  5961 | D:7      | Reached skill level 9 in Maces & Flails
  6316 | D:7      | Found a broken altar of Ashenzari.
  6636 | D:8      | Noticed a two-headed ogre
  6647 | D:8      | Killed a two-headed ogre
  6648 | D:8      | Reached skill level 10 in Maces & Flails
  6648 | D:8      | Reached XP level 10. HP: 100/100 MP: 9/9
  6686 | D:8      | Found a burning altar of Makhleb.
  6793 | D:8      | Found a radiant altar of Vehumet.
  6797 | D:8      | Found a shimmering blue altar of Sif Muna.
  6798 | D:8      | Found an ancient bone altar of Kikubaaqudgha.
  6970 | D:8      | Found an opulent altar of Gozag.
  7274 | D:9      | Found Zidaet's Antique Armour Shop.
  7702 | D:9      | Found a staircase to the Lair.
  7985 | D:10     | Entered Level 10 of the Dungeon
  8030 | D:10     | Noticed a two-headed ogre
  8052 | D:10     | Killed a two-headed ogre
  8053 | D:10     | Reached skill level 11 in Maces & Flails
  8197 | D:10     | Found a staircase to the Orcish Mines.
  8287 | D:10     | Noticed a sixfirhy
  8298 | D:10     | Noticed a sixfirhy
  8298 | D:10     | Noticed a sixfirhy
  8300 | D:10     | Noticed a smoke demon
  8303 | D:10     | HP: 7/153 [smoke demon/divine providence[a kobold
                  | demonologist] (8)]
  8307 | D:10     | Slain by a sixfirhy

Illustrated notes

Levels and vault maps discovered:
D:1:      shiori_arrival_whats_in_store_for_you, layout_loops_ring,
          serial_bayou_lagoon_a
D:2:      layout_loops_cross, basic_altar, shapermc_ecumenical_altar_notcrosses
D:3:      layout_basic, uniq_grinder, uniq_crazy_yiuf_cottage, uniq_natasha
D:4:      layout_cave_pools, trog_butcher_becter, temple_doors_ab,
          gammafunk_ghost_necromancy
D:5:      layout_layer_cave, nicolae_yredelemnul_corpse_copse,
          nzn_wu_jian_contemplation, nicolae_uskayaw_murder_on_the_dancefloor,
          tso_oasis_becter, uniq_prince_ribbit1
D:6:      layout_cave_pods, mainiacjoe_overflow_boulevard,
          nicolae_stop_n_shop_2, st_stairs_4, uniq_eustachio, uniq_menkaure,
          uniq_duvessa
D:7:      layout_rooms, nicolae_overflow_crystal_walls,
          nicolae_ashenzari_skybound
D:8:      layout_gridville, grunt_temple_overflow_magic_moments,
          mainiacjoe_overflow_catwalk, mainiacjoe_overflow_alcove_1, hex_medium,
          chequers_serial_rivers_marsh, eino_small_chamber_without_monster,
          nicolae_lava_and_water, roderic_batcave
D:9:      layout_roguey, lair_entry_dummy, serial_shops, nicolae_square_shop,
          minmay_fractal_squares_gapless_5
D:10:     layout_stronghold, regret_index_temple_of_mockery, orc_0_dummy,
          serial_ice, serial_ice_m, serial_ice_a, serial_ice_i, serial_ice_c,
          minmay_misc_feat_nine_boxes, nicolae_transmutations_shop, pond

Skill      XL: |  1  2  3  4  5  6  7  8  9 10 |
---------------+-------------------------------+-----
Maces & Flails | 3 4 5 6 8 10 11 | 11.3
Fighting       | 3 4 5 6 7 |  7.5
Dodging        | 3 4 5 6 7 |  7.5

Action                   |  1- 3 |  4- 6 |  7- 9 | 10-12 || total
-------------------------+-------+-------+-------+-------++-------
Melee: Mace              |    97 |    89 |   132 |   157 ||   475
       Punch             |     1 |     3 |       |     2 ||     6
       Quarterstaff      |       |     6 |   195 |       ||   201
       Giant spiked club |       |       |    22 |    22 ||    44
Throw: Stone             |    20 |     8 |    20 |    19 ||    67
Invok: Berserk           |     1 |     3 |    10 |    10 ||    24
  Use: Scroll            |       |       |    10 |     1 ||    11
 Stab: Petrified         |       |       |     9 |       ||     9
       Distracted        |       |       |     1 |       ||     1
       Sleeping          |       |       |     1 |       ||     1
Armor: Animal skin       |    46 |    25 |       |       ||    71
       Robe              |       |       |   114 |    68 ||   182
Dodge: Dodged            |    52 |    36 |   213 |   144 ||   445
